 Dungeon Crawl Stone Soup version 0.30-a0-561-g1b0378597e (webtiles) character file.

Game seed: 7862040955203152900

1575782 EnegeticOcto the Tortoise (level 27, 205/205 HPs)
             Began as a Djinni Brigand on Dec 28, 2022.
             Was a High Priest of Fedhas.
             Escaped with the Orb
             ... and 3 runes!
             The game lasted 02:35:24 (74119 turns).

EnegeticOcto the Tortoise (Djinni Brigand)         Turns: 74119, Time: 02:35:24

Health: 205/205    AC: 36    Str: 14    XL:     27
Gold:   389        EV: 22    Int: 28    God:    Fedhas [*****.] SH: 36 Dex: 30

rFire   + + .      SeeInvis .    b - +9 rapier (heavy)
rCold   + . .      Faith    .    A - +11 tower shield of the Tick {Slay+2}
rNeg    + . .      Spirit   +    C - +8 ice dragon scales
rPois   ∞          Reflect  .    X - +1 helmet
rElec   .          Harm     .    c - +2 cloak {rPois}
rCorr   .          Rampage  .    H - +3 pair of gloves "Ottakiet" {Will+}
Will    +++..                    (boots unavailable)
Stlth   +                        I - amulet "Xowycw" {Spirit +Inv rPois Regen+ Dex+4}
HPRegen 1.34/turn                q - +6 ring of dexterity
MPRegen 0.00/turn                z - ring "Zelofeaq" {rN+ Str+4 Int+6}

@: flying, studying Unarmed Combat
A: sickness immunity, fire resistance 3, cold vulnerability 1, float, innate
caster, HP casting, extra vitality 1, deterioration 1, wild magic 1
0: Orb of Zot
}: 3/15 runes: decaying, serpentine, silver
a: Renounce Religion, Evoke Invisibility, Wall of Briars, Grow Ballistomycete,
Overgrow, Grow Oklob


You escaped.
You worshipped Fedhas.
Fedhas was extremely pleased with you.
You visited 10 branches of the dungeon, and saw 48 of its levels.
You visited 2 bazaars.
You also visited: Trove, Bailey, Gauntlet and Wizlab.

You collected 6243 gold pieces.
You spent 5854 gold pieces at shops.

Inventory:

Hand Weapons
 a - the +8 Vampire's Tooth {vamp}
   (You found it on level 2 of the Depths)

   It occasionally heals its wielder for the full amount of damage dealt when it
   wounds a living foe.
 b - a +9 heavy rapier (weapon)
   (You took it off a spriggan on level 5 of the Lair of Beasts)
 n - a +5 rapier of distortion
   (You took it off a spriggan on level 5 of the Lair of Beasts)
Missiles
 e - 7 curare-tipped darts (quivered)
 J - a throwing net {!f}
Armour
 c - a +2 cloak of poison resistance (worn)
   (You found it in a Gauntlet)
 A - the +11 tower shield of the Tick (worn) {Slay+2}
   (You found it on level 1 of the Swamp)

   Slay:      It affects your accuracy & damage with ranged weapons and melee
   (+2).
 C - +8 ice dragon scales (worn)
   (You found it on level 6 of the Dungeon)
 H - the +3 pair of gloves "Ottakiet" (worn) {Will+}
   (You acquired it in a bailey)

   Will:      It increases your willpower.
 X - a +1 helmet (worn)
   (You found it on level 4 of the Lair of Beasts)
Magical Staves
 R - a staff of air
   (You found it on level 3 of the Swamp)
Jewellery
 l - the ring of Nudiavus {Ice rElec rPois rN++ Str-3}
   (You took it off Josephina on level 4 of the Depths)

   [ring of ice]

   It enhances your ice magic.
   Str:       It affects your strength (-3).
   rF:        It makes you vulnerable to fire.
   rC:        It protects you from cold.
   rElec:     It insulates you from electricity.
   rPois:     It protects you from poison.
   rN:        It greatly protects you from negative energy.
 q - a +6 ring of dexterity (left hand)
   (You took it off a spriggan on level 5 of the Lair of Beasts)
 v - a ring of willpower
   (You found it on level 2 of the Snake Pit)
 z - the ring "Zelofeaq" (right hand) {rN+ Str+4 Int+6}
   (You bought it in a shop on level 2 of the Orcish Mines)

   [ring of intelligence]

   Str:       It affects your strength (+4).
   Int:       It affects your intelligence (+6).
   rN:        It protects you from negative energy.
 I - the amulet "Xowycw" (around neck) {Spirit +Inv rPois Regen+ Dex+4}
   (You found it on level 4 of the Vaults)

   [amulet of guardian spirit]

   It causes incoming damage to be divided between your reserves of health and
   magic.
   Dex:       It affects your dexterity (+4).
   rPois:     It protects you from poison.
   +Inv:      It lets you turn invisible.
   Regen:     It increases your rate of health regeneration.
 U - a ring of resist corrosion
   (You found it on level 3 of the Lair of Beasts)
 W - the ring of the Hare {EV+8}
   (You took it off a deep elf knight on level 3 of the Elven Halls)

   [ring of evasion]

   EV:        It affects your evasion (+8).
Wands
 k - a wand of polymorph (12)
   (You took it off an orc on level 7 of the Dungeon)
 t - a wand of paralysis (27)
   (You took it off a spriggan on level 5 of the Lair of Beasts)
 D - a wand of iceblast (28) {@v2}
   (You found it on level 15 of the Dungeon)
 P - a wand of digging (28) {@v3}
   (You found it on level 10 of the Dungeon)
 T - a wand of quicksilver (23) {@v1}
   (You found it on level 14 of the Dungeon)
 V - a wand of mindburst (3)
   (You found it on level 3 of the Lair of Beasts)
Scrolls
 f - 3 scrolls of immolation
 g - 8 scrolls of blinking {@r4}
 j - 16 scrolls of fear {!r}
 m - a scroll of enchant armour
 o - 7 scrolls of fog {!r}
 s - 17 scrolls of teleportation {@r3 !r}
 w - a scroll of enchant weapon
 y - 8 scrolls of vulnerability
 L - 7 scrolls of poison
 N - 2 scrolls of butterflies
Potions
 d - 2 potions of berserk rage
 i - 7 potions of mutation
 p - 18 potions of curing {@q1 !q}
 r - 13 potions of brilliance
 u - 7 potions of heal wounds {@q2 !q}
 x - 10 potions of attraction
 B - 7 potions of lignification {@q6}
 E - 11 potions of might {@q3 !q}
 F - a potion of resistance
 G - 5 potions of invisibility
 M - 7 potions of haste {@q4 !q}
 Q - 5 potions of cancellation
Miscellaneous
 h - a tin of tremorstones (1/2)
   (You found it on level 2 of the Vaults)
 K - a box of beasts
   (You found it on level 3 of the Elven Halls)
 O - a lightning rod (4/4)
   (You found it on level 3 of the Snake Pit)
 S - a phantom mirror
   (You found it on level 3 of the Elven Halls)
 Y - a phial of floods
   (You found it in a Gauntlet)
 Z - a condenser vane
   (You found it in a Gauntlet)


   Skills:
 - Level 20.0 Fighting
 - Level 14.0 Short Blades
 - Level 1.5 Throwing
 - Level 20.1 Armour
 - Level 16.0 Dodging
 - Level 3.2 Stealth
 + Level 19.0 Shields
 - Level 15.0 Spellcasting
 - Level 15.0 Invocations
 - Level 14.0 Evocations


You couldn't memorise any spells.
You knew the following spells:

 Your Spells              Type           Power      Damage    Failure   Level
a - Freezing Cloud        Conj/Ice/Air   47%        6-21      1%          5
b - Olgreb's Toxic Radia  Pois           94%        N/A       1%          4
c - Frozen Ramparts       Ice            100%       1d16      1%          3
d - Arcjolt               Conj/Air       47%        1d57      1%          5
e - Call Imp              Summ           94%        N/A       1%          2
f - Apportation           Tloc           100%       N/A       1%          1
g - Simulacrum            Ice/Necr       47%        N/A       8%          6
h - Starburst             Conj/Fire      47%        6d13      8%          6
i - Orb of Destruction    Conj           47%        9d12      36%         7
j - Malign Gateway        Summ/Tloc      47%        N/A       36%         7
k - Dragon Form           Tmut           47%        N/A       36%         7
l - Discord               Hex            47%        N/A       95%         8
m - Polar Vortex          Ice            47%        N/A       100%        9
Your spell library was empty.


Dungeon Overview and Level Annotations

Branches:
Dungeon (15/15)            Temple (1/1) D:7            Lair (5/5) D:10
  Swamp (4/4) Lair:2        Snake (4/4) Lair:3        Slime (0/5) Lair:5
    Orc (2/2) D:11            Elf (3/3) Orc:2        Vaults (5/5) D:14
  Crypt (0/3) Vaults:3     Depths (4/4) D:15            Zot (5/5) Depths:4
 Bailey (visited)          WizLab (visited)         Gauntlet (visited)

Altars:
Ashenzari
Cheibriados
Dithmenos
Elyvilon
Fedhas
Gozag
Hepliaklqana
Makhleb
Nemelex Xobeh
Okawaru
Qazlal
Ru
Trog
Uskayaw
Wu Jian
Xom
Yredelemnul
Zin
The Shining One
Lugonu

Shops:
D:5 [   D:6 *   D:8 :[   D:12 ?   D:13 *   Orc:2 *=[(   Snake:2 !*(*[
Snake:3 *   Vaults:3 (   Vaults:5 ?   Depths:2 *!   Depths:4 ?[(

Portals:
Hell: Depths:1 Depths:2 Depths:3 Depths:4
Abyss: Lair:5 Depths:1 Depths:2 Depths:3
Pandemonium: Depths:2
Ziggurat: Depths:3

Annotations:
D:8 3 runed translucent doors, exclusion: 3 doors, WienerDreamer's ghost, novice HOFi
Snake:1 Roxanne
Elf:1 6 runed translucent doors
Elf:2 3 runed translucent doors
Depths:1 exclusion: orange crystal statue


Innate Abilities, Weirdness & Mutations

You are immune to sickness and miasma.
You are immune to poison.
Your flesh is almost immune to the effects of heat. (rF+++)
You are vulnerable to cold. (rC-)
You float through the air rather than walking.
You learn spells naturally, not from books.
Your magical power is your life essence.
You have superior vitality. (+4 MHP)
Your body sometimes deteriorates upon taking damage.
Your spells are a little harder to cast, but a little more powerful.


Message History

(D) Dungeon (T) Temple (L) Lair (S) Swamp (P) Snake Pit (M) Slime Pits (O) Orcish Mines (E) Elven Halls (V) Vaults (C) Crypt (U) Depths (H) Hell (Z) Zot
Where to? (Enter - D:1 @ (x,y), ? - help)
There is an open door here.
There is an open door here.
There is an open door here. 5 golden eyes come into view.
The golden eye turns its gaze towards you. x2
There is an escape hatch in the floor here.
The golden eye blinks at you. You resist with almost no effort.
The golden eye blinks at you. You resist with almost no effort.
The golden eye blinks!
The golden eye blinks at you. You resist with almost no effort.
The tremorstone explodes into fragments!
The burst of rock shards engulfs the golden eye! x2
You kill the golden eye!
Fedhas accepts your kill.
The burst of rock shards engulfs the golden eye!!
You kill the golden eye!
Fedhas accepts your kill.
The burst of rock shards engulfs the golden eye!!
You kill the golden eye!
Fedhas accepts your kill.
The burst of rock shards engulfs the golden eye!!
You kill the golden eye!
Fedhas accepts your kill.
The burst of rock shards engulfs you but does no damage.
The burst of rock shards engulfs the golden eye!!
You kill the golden eye!
Fedhas accepts your kill.
You feel your intelligence returning.
There is an open door here.
There is an escape hatch in the ceiling here.
Really go through this one-way escape hatch?
A mysterious force pulls you upwards. The hatch slams shut behind you.
(D) Dungeon (T) Temple (L) Lair (S) Swamp (P) Snake Pit (M) Slime Pits (O) Orcish Mines (E) Elven Halls (V) Vaults (C) Crypt (U) Depths (H) Hell (Z) Zot
Where to? (Enter - D:1 @ (x,y), ? - help)
There is an open door here.
A rust devil comes into view.
The rust devil screeches!
There is an open door here.
There is an escape hatch in the ceiling here.
Really go through this one-way escape hatch?
A mysterious force pulls you upwards. The hatch slams shut behind you.
(D) Dungeon (T) Temple (L) Lair (S) Swamp (P) Snake Pit (M) Slime Pits (O) Orcish Mines (E) Elven Halls (V) Vaults (C) Crypt (U) Depths (H) Hell (Z) Zot
Where to? (Enter - D:1 @ (x,y), ? - help)
There is an open door here.
There is a stone staircase leading up here.
You fly upwards.
Level annotation: 3 runed translucent doors, exclusion: 3 doors, WienerDreamer's ghost, novice HOFi
There is a stone staircase leading down here.
You see here a +0 whip.
There is a stone staircase leading up here.
You fly upwards.
There is a stone staircase leading down here.
There is a stone staircase leading up here.
You fly upwards.
There is a stone staircase leading down here.
A glowing orange brain comes into view.
You impale the glowing orange brain!!
The glowing orange brain is moderately wounded.
You hit the glowing orange brain.
The glowing orange brain is moderately wounded.
You impale the glowing orange brain!!
The glowing orange brain is almost dead.
You impale the glowing orange brain!!
You kill the glowing orange brain!
Fedhas accepts your kill.
(D) Dungeon (T) Temple (L) Lair (S) Swamp (P) Snake Pit (M) Slime Pits (O) Orcish Mines (E) Elven Halls (V) Vaults (C) Crypt (U) Depths (H) Hell (Z) Zot
Where to? (Enter - D:1 @ (x,y), ? - help)
There is a stone staircase leading up here.
You fly upwards.
There is a stone staircase leading down here.
There is a stone staircase leading up here.
You fly upwards.
There is a stone staircase leading down here.
There is a stone staircase leading up here.
You fly upwards.
There is a stone staircase leading down here.
There is a stone staircase leading up here.
You fly upwards.
There is a stone staircase leading down here.
There is a stone staircase leading up here.
You fly upwards.
There is a stone staircase leading down here.
There is a staircase leading out of the dungeon here.
You have escaped!

#......# #...### #.#.###
#......# #.#.# #.#...#
#....#.# #.#.# #.#.#.#
#....#.####.#.##### #.#.#.#
#....#.##...#.'..># #.#...#
#....#........##.#####.#.###
####.#....######.#.....#.#
...#...#### #.#.#####.#
##.#..### #@#.# #.#
...#....# ###.# #.#
......#.##########.# ###.#
.................#.# #...#
........########.#.# ###.#
..#'##### #.#.# #.# ###.#
#.#.# #.# # #.# #.#.# #.#
###.############.#.#
#.#######


There were no monsters in sight!

Vanquished Creatures
  2 dread liches
  Mennas (Vaults:2)
  An ancient lich (Zot:5)
  A juggernaut (Depths:3)
  Boris (Depths:3)
  Sojobo (Depths:3)
  5 Killer Klowns (Zot:5)
  Saint Roka (Depths:3)
  Bai Suzhen (Elf:3)
  Frederick (Vaults:2)
  4 curse toes
  A shard shrike (Depths:3)
  Xtahua (Vaults:4)
  5 caustic shrikes
  Vashnia (Snake:2)
  3 golden dragons
  Nikola (Snake:3)
  2 bone dragons (Depths:4)
  Jory (Vaults:2)
  2 doom hounds (Depths:3)
  An Ice Fiend (Vaults:3)
  8 tentacled monstrosities
  Jorgrun (Elf:1)
  13 Orb Guardians (Zot:5)
  2 walking crystal tomes
  2 walking earthen tomes (Depths:3)
  Grunn (Depths:3)
  6 titans
  3 quicksilver dragons
  5 liches
  3 deep elf master archers
  The ghost of chipmonk the Tortoise, an adept AtBe of Trog (Elf:1)
  2 deep elf blademasters
  An ancient champion (Depths:2)
  7 sphinxes
  7 storm dragons
  Agnes (Elf:2)
  11 tengu reavers
  5 death cobs
  The ghost of Kerestru the Warrior, an adept GrFi of Jiyva (Elf:1)
  A revenant (Vaults:3)
  6 shadow dragons
  A rockslime (shapeshifter) (Vaults:5)
  2 draconian monks (Zot:5)
  A fenstrider witch (Swamp:1)
  7 fire giants
  4 iron dragons
  16 nagarajas
  11 vault wardens
  10 frost giants
  4 draconian knights
  The ghost of Hoyl the Covert, a journeyman DsBr of Cheibriados (Elf:1)
  3 draconian scorchers
  6 deep elf sorcerers
  A ghost moth (Zot:1)
  4 deep elf elementalists
  4 draconian shifters
  A ghoul (Swamp:2)
  2 balrugs
  Louise (Elf:3)
  3 draconian stormcallers
  12 ironbound preservers
  3 orc warlords
  A hydra skeleton (Swamp:4)
  21 very ugly things
  5 draconian annihilators
  14 stone giants
  A spriggan defender (Depths:3)
  A quicksilver ooze (shapeshifter) (Depths:3)
  An ironbound thunderhulk (Vaults:4)
  6 war gargoyles
  4 vampire knights
  3 reapers
  An eleionoma (Swamp:4)
  An eleionoma (shapeshifter) (Vaults:5)
  7 green draconians
  Azrael (Snake:3)
  6 black draconians
  16 spark wasps
  5 deep elf demonologists
  10 white draconians
  2 putrid mouths (Depths:3)
  A bunyip (Swamp:2)
  4 yellow draconians
  7 dire elephants
  A minotaur (Gauntlet)
  3 purple draconians
  9 deep elf annihilators
  Snorg (Orc:2)
  8 ettins
  4 red draconians
  A jiangshi (Vaults:3)
  12 deep elf death magi
  2 crystal guardians
  2 entropy weavers
  2 great orbs of eyes
  7 yaktaur captains
  A rakshasa (Depths:2)
  6 ice dragons
  7 fire dragons
  3 peacekeepers
  Erolcha (D:11)
  5 salamander tyrants
  8 deep elf high priests
  28 vault guards
  8 hydras
  7 boulder beetles
  2 catoblepae
  3 ghost crabs
  An alligator (shapeshifter) (Vaults:5)
  6 ogre magi
  10 anacondas
  6 spriggan air magi
  13 alligators
  10 ironbound frosthearts
  13 dancing weapons
  15 centaur warriors
  9 two-headed ogres
  2 death scarabs (Gauntlet)
  6 tengu warriors
  A death knight (D:14)
  3 deep troll shamans
  5 deep troll earth magi
  5 death yaks
  2 vampire magi
  23 naga sharpshooters
  14 naga warriors
  4 orc high priests (Orc:2)
  6 shock serpents
  6 spriggan berserkers
  A storm dragon zombie (Vaults:4)
  11 deep elf knights
  3 thrashing horrors (Lair:5)
  A titan skeleton (Vaults:4)
  2 fire crabs
  2 hell knights
  7 iron trolls
  6 salamander mystics
  2 sun demons (Depths:1)
  A flayed ghost (Depths:2)
  4 goliath frogs (Swamp:1)
  2 skeletal warriors (Depths:2)
  A fire crab (shapeshifter) (D:14)
  6 swamp dragons
  4 glowing orange brains
  34 deep trolls
  6 bog bodies
  A glowing orange brain (shapeshifter) (Depths:2)
  7 naga ritualists
  6 spriggan druids
  3 harpies (Vaults:2)
  12 deep elf archers
  6 wizards
  14 ironbound convokers
  17 deep elf zephyrmancers
  3 phantasmal warriors
  2 spectral hydras (Swamp:4)
  2 necromancers
  10 orc knights
  17 deep elf pyromancers
  A lindwurm (shapeshifter) (D:14)
  An obsidian statue (Vaults:3)
  7 mana vipers
  45 ugly things
  7 lindwurms
  7 orc sorcerers
  A harpy (shapeshifter) (D:13)
  The ghost of Bnni the Vexing, a novice FoHs (D:6)
  A wolf spider (shapeshifter) (Vaults:5)
  5 oklob plants
  2 manticores
  7 will-o-the-wisps
  A manticore (shapeshifter) (Vaults:4)
  4 cyclopes
  5 elephants
  11 moths of wrath
  15 salamanders
  18 naga magi
  2 smoke demons (Lair:5)
  5 guardian serpents
  35 black mambas
  2 torpor snails (Lair:5)
  2 gargoyles
  A storm dragon simulacrum (Vaults:4)
  16 vault sentinels
  8 cane toads
  3 kobold demonologists (D:14)
  6 rime drakes
  An unseen horror (shapeshifter) (Lair:5)
  9 freezing wraiths
  5 komodo dragons
  21 yaktaurs
  3 ancient zymes (Lair:5)
  An unseen horror (D:10)
  A tormentor (Depths:3)
  A tengu conjurer (Depths:3)
  A human skeleton (Vaults:4)
  6 trolls
  A polar bear (Lair:5)
  3 death drake zombies (Swamp:4)
  A bloated husk (Swamp:4)
  6 meliai (D:14)
  7 tyrant leeches
  11 hornets
  A raiju (shapeshifter) (D:14)
  A wolf spider simulacrum (D:15)
  A death drake skeleton (Swamp:4)
  Prince Ribbit (D:6)
  37 slime creatures
  2 dream sheep (Lair:5)
  14 blink frogs (Lair:5)
  2 spectral black mambas (Gauntlet)
  2 air elementals
  5 wraiths
  2 large abominations
  17 spriggans
  2 wyverns
  5 water elementals
  81 yaks
  A vampire (D:10)
  3 shadows
  4 fire elementals
  3 fire bats (Gauntlet)
  2 chaos spawn (Lair:5)
  3 basilisks
  A golden eye (shapeshifter) (Vaults:5)
  5 golden eyes (D:11)
  2 redbacks (Vaults:4)
  12 vampire mosquitoes
  2 basilisks (shapeshifter)
  A spectral cane toad (Gauntlet)
  37 nagas
  5 wargs
  3 hydra simulacra (Swamp:4)
  3 acid dragons
  6 hell hounds (Snake:3)
  16 swamp worms
  Duvessa (D:4)
  8 water moccasins
  3 floating eyes
  4 swamp drakes
  A sky beast (D:7)
  53 orc warriors
  2 black bears
  22 wolves
  3 swamp dragon zombies (Swamp:4)
  9 centaurs
  8 ogres
  4 phantoms
  A swamp dragon skeleton (Swamp:4)
  2 kobold brigands
  A bullfrog (shapeshifter) (Depths:2)
  An earth elemental (Elf:1)
  7 bullfrogs
  5 gnoll sergeants
  A scorpion (D:5)
  2 necrophages
  5 wights (D:7)
  Dowan (D:4)
  10 small abominations (Lair:5)
  4 troll zombies
  14 killer bees
  A troll skeleton (Swamp:4)
  10 howler monkeys
  A jelly (D:5)
  17 orc priests
  4 hounds
  Jessica (D:3)
  An iguana (D:6)
  17 orc wizards
  4 ogre zombies (D:11)
  27 gnolls
  6 adders
  4 white imps
  2 ufetubi
  A dart slug (D:1)
  56 orcs
  5 bats
  7 endoplasms
  6 giant cockroaches
  14 goblins
  15 hobgoblins
  4 jackals (D:1)
  7 ball pythons
  A frilled lizard (D:1)
  2 goblin skeletons (D:11)
  A goblin zombie (D:11)
  A hobgoblin skeleton (D:11)
  4 hobgoblin zombies (D:11)
  4 kobolds (D:14)
  2 orc skeletons (D:11)
  9 orc zombies (D:11)
  4 rats
  A spectral hobgoblin (D:2)
  A ballistomycete spore (Zot:5)
1814 creatures vanquished.

Vanquished Creatures (collateral kills)
  3 orbs of fire (Zot:5)
  An ancient lich (Zot:5)
  Josephina (Depths:4)
  A Killer Klown (Zot:5)
  2 tentacled monstrosities (Vaults:5)
  6 Orb Guardians (Zot:5)
  A death cob (Zot:5)
  A sphinx (Vaults:5)
  A tengu reaver (Vaults:5)
  A white draconian (Zot:5)
  A juggernaut simulacrum (Depths:4)
  A vault guard (Vaults:5)
  An ogre mage (Orc:1)
  A two-headed ogre (Orc:1)
  An ironbound convoker (Vaults:5)
  A golden dragon simulacrum (Depths:4)
  A shadow dragon simulacrum (Depths:4)
  A sphinx simulacrum (Depths:4)
  A warg (Orc:2)
  2 orc warriors
  2 ogres (Orc:1)
  An orc wizard (Orc:1)
  4 orcs
  39 ballistomycete spores
75 creatures vanquished.

Vanquished Creatures (others)
  3 thorn hunters (Swamp:4)
  A fire giant (Depths:4)
  2 shambling mangroves (Swamp:4)
  3 hydras (Swamp:4)
  2 spriggan druids (Swamp:4)
  3 swamp dragons (Swamp:4)
  A spriggan simulacrum (Depths:4)
  A flayed ghost (Swamp:4)
  A spectral hydra (Swamp:4)
  3 oklob plants (Swamp:4)
  A hydra zombie (Swamp:4)
  4 bloated husks
  A tyrant leech (Swamp:4)
  3 hornets (Swamp:4)
  2 vampire mosquitoes (Swamp:4)
  A swamp dragon zombie (Swamp:4)
  A swamp dragon skeleton (Swamp:4)
  4 ballistomycete spores
  34 foxfires
  29 fungi
  51 plants
  4 withered plants (D:5)
155 creatures vanquished.

Grand Total: 2044 creatures vanquished

Notes
Turn   | Place    | Note
-------+----------+-------------------------------------------
     0 | D:1      | EnegeticOcto the Djinni Brigand began the quest for the
                  | Orb.
     0 | D:1      | Reached XP level 1. HP: 18/18 MP: 0/0
    51 | D:1      | Reached XP level 2. HP: 16/24 MP: 0/0
   204 | D:1      | Reached skill level 3 in Fighting
   328 | D:1      | Reached XP level 3. HP: 30/30 MP: 0/0
   328 | D:1      | Learned a level 1 spell: Apportation
  1023 | D:2      | Identified the +8 dagger of Cruel Justice {elec, Will+
                  | rCorr Stlth+}
  1062 | D:2      | Reached skill level 2 in Short Blades
  1064 | D:2      | Reached XP level 4. HP: 35/37 MP: 0/0
  1157 | D:2      | Found a faded altar of an unknown god.
  1517 | D:3      | Found a shimmering altar of Xom.
  1517 | D:3      | Noticed Jessica
  1535 | D:3      | Killed Jessica
  1536 | D:3      | Reached skill level 4 in Fighting
  1726 | D:3      | Found an ornate altar of the Wu Jian Council.
  1964 | D:3      | Reached XP level 5. HP: 41/41 MP: 0/0
  1964 | D:3      | Learned a level 2 spell: Call Imp
  2347 | D:4      | Reached skill level 3 in Short Blades
  2467 | D:4      | Reached skill level 1 in Spellcasting
  2582 | D:4      | Noticed an ogre
  2592 | D:4      | Killed an ogre
  2593 | D:4      | Reached XP level 6. HP: 47/47 MP: 0/0
  2613 | D:4      | Noticed Dowan
  2633 | D:4      | Found a burning altar of Makhleb.
  2634 | D:4      | Noticed Duvessa
  2643 | D:4      | Killed Duvessa
  2644 | D:4      | Reached skill level 4 in Short Blades
  2644 | D:4      | Reached XP level 7. HP: 39/53 MP: 0/0
  2644 | D:4      | Learned a level 3 spell: Frozen Ramparts
  2652 | D:4      | Killed Dowan
  2653 | D:4      | Reached skill level 2 in Spellcasting
  2894 | D:5      | Entered Level 5 of the Dungeon
  3338 | D:5      | Reached skill level 5 in Short Blades
  3662 | D:5      | Found Jaunnifos's Antique Armour Shoppe.
  3670 | D:5      | Bought a distressingly furry leather armour for 147 gold
                  | pieces
  3670 | D:5      | Identified the +1 leather armour "Rerran" {Dex+3} (You
                  | bought it in a shop on level 5 of the Dungeon)
  3717 | D:6      | Reached skill level 5 in Fighting
  3717 | D:6      | Reached XP level 8. HP: 59/59 MP: 0/0
  3944 | D:6      | Found a runed translucent door.
  3961 | D:6      | Noticed Bnni's ghost (novice FoHs)
  3980 | D:6      | Noticed Prince Ribbit
  4005 | D:6      | Killed Prince Ribbit
  4006 | D:6      | Reached skill level 6 in Short Blades
  4006 | D:6      | Reached skill level 3 in Spellcasting
  4188 | D:6      | Found Wyhiry's Overcharged Wands.
  4400 | D:6      | Found a sparkling altar of Nemelex Xobeh.
  4572 | D:6      | Killed Bnni's ghost
  4573 | D:6      | Reached skill level 6 in Fighting
  4573 | D:6      | Reached skill level 7 in Short Blades
  4573 | D:6      | Reached skill level 4 in Spellcasting
  4573 | D:6      | Reached XP level 9. HP: 60/66 MP: 0/0
  4573 | D:6      | Learned a level 4 spell: Olgreb's Toxic Radiance
  4659 | D:7      | Found a staircase to the Ecumenical Temple.
  4686 | Temple   | Entered the Ecumenical Temple
  4815 | D:7      | Reached skill level 8 in Short Blades
  5555 | D:7      | Reached skill level 5 in Spellcasting
  5560 | D:7      | Found a bloodstained altar of Trog.
  5836 | D:7      | Reached skill level 9 in Short Blades
  5836 | D:7      | Reached XP level 10. HP: 70/72 MP: 0/0
  5849 | D:7      | Found a snail-covered altar of Cheibriados.
  6337 | D:8      | Found a glowing silver altar of Zin.
  6347 | D:8      | Found a sacrificial altar of Ru.
  6356 | D:8      | Found a runed translucent gate.
  6356 | D:8      | Found a runed translucent gate.
  6356 | D:8      | Found a runed translucent gate.
  6357 | D:8      | Noticed WienerDreamer's ghost (novice HOFi)
  6363 | D:8      | Found a flagged portal.
  6385 | Bailey   | Entered a bailey
  6713 | Bailey   | Reached skill level 10 in Short Blades
  6880 | Bailey   | Reached skill level 7 in Fighting
  6925 | Bailey   | Noticed an orc warlord
  6925 | Bailey   | Noticed an orc knight
  6948 | Bailey   | Reached skill level 6 in Spellcasting
  6963 | Bailey   | Killed an orc warlord
  6963 | Bailey   | Killed an orc knight
  6964 | Bailey   | Reached skill level 7 in Spellcasting
  6964 | Bailey   | Reached XP level 11. HP: 53/79 MP: 0/0
  6964 | Bailey   | Learned a level 5 spell: Arcjolt
  7105 | Bailey   | Acquired the +3 pair of gloves "Ottakiet" {Will+}
  7304 | D:8      | Found Rogie's Armour Emporium.
  7313 | D:8      | Found Vontupsa's Book Emporium.
  7532 | D:8      | Reached skill level 8 in Spellcasting
  7946 | D:9      | Found a stormy altar of Qazlal.
  7955 | D:9      | Reached skill level 8 in Fighting
  7957 | D:9      | Found a blossoming altar of Fedhas.
  8252 | D:9      | Reached skill level 9 in Fighting
  8334 | D:9      | Noticed a two-headed ogre
  8343 | D:9      | Killed a two-headed ogre
  8460 | D:9      | Noticed a two-headed ogre
  8467 | D:9      | Killed a two-headed ogre
  8468 | D:9      | Reached skill level 10 in Fighting
  8468 | D:9      | Reached skill level 2 in Dodging
  8940 | D:9      | Reached skill level 1 in Evocations
  9164 | D:10     | Entered Level 10 of the Dungeon
  9165 | D:10     | Noticed a manticore
  9175 | D:10     | Killed a manticore
  9176 | D:10     | Reached skill level 1 in Shields
  9176 | D:10     | Reached XP level 12. HP: 47/91 MP: 0/0
  9179 | D:10     | Noticed a fire crab
  9606 | D:10     | Found a staircase to the Lair.
  9651 | D:10     | Killed a fire crab
  9652 | D:10     | Reached skill level 3 in Dodging
  9749 | D:10     | You are sucked into a shaft and drop 1 floor!
  9879 | D:10     | Reached skill level 2 in Evocations
  9995 | D:10     | Noticed a two-headed ogre
 10018 | D:10     | Killed a two-headed ogre
 10019 | D:10     | Reached skill level 2 in Shields
 10295 | D:10     | Reached skill level 4 in Dodging
 10336 | D:10     | Reached skill level 3 in Evocations
 10342 | D:10     | Reached skill level 3 in Shields
 10363 | D:10     | Noticed a two-headed ogre
 10363 | D:10     | Noticed a boulder beetle
 10388 | D:10     | Killed a boulder beetle
 10389 | D:10     | Reached skill level 5 in Dodging
 10389 | D:10     | Reached skill level 4 in Evocations
 10391 | D:10     | Killed a two-headed ogre
 10392 | D:10     | Reached skill level 9 in Spellcasting
 11139 | Lair:1   | Entered Level 1 of the Lair of Beasts
 11303 | Lair:1   | Noticed a catoblepas
 11324 | Lair:1   | Killed a catoblepas
 11325 | Lair:1   | Reached skill level 10 in Spellcasting
 11453 | Lair:1   | Reached skill level 1 in Armour
 11453 | Lair:1   | Reached XP level 13. HP: 96/96 MP: 0/0
 11453 | Lair:1   | Learned a level 5 spell: Freezing Cloud
 12051 | Lair:2   | Noticed an eight-headed hydra
 12058 | Lair:2   | Killed an eight-headed hydra
 12059 | Lair:2   | Reached skill level 2 in Armour
 12059 | Lair:2   | Reached skill level 4 in Shields
 12063 | Lair:2   | Reached skill level 3 in Armour
 12353 | Lair:2   | Reached skill level 5 in Shields
 12361 | Lair:2   | Reached skill level 4 in Armour
 12714 | Lair:2   | Found a staircase to the Swamp.
 13254 | Lair:3   | Reached skill level 11 in Fighting
 13516 | Lair:3   | Found a staircase to the Snake Pit.
 14384 | Lair:4   | Reached skill level 12 in Fighting
 15912 | Lair:5   | Entered Level 5 of the Lair of Beasts
 16233 | Lair:5   | Reached skill level 11 in Spellcasting
 16376 | Lair:5   | Reached XP level 14. HP: 98/107 MP: 0/0
 17205 | Lair:5   | Reached skill level 12 in Spellcasting
 17499 | Lair:5   | Reached skill level 6 in Shields
 17599 | Lair:5   | Reached skill level 7 in Shields
 17872 | Lair:5   | Reached skill level 5 in Evocations
 17969 | Lair:5   | Reached skill level 6 in Evocations
 18501 | Lair:5   | Found a corrupted altar of Lugonu.
 18501 | Lair:5   | Found a one-way gate to the infinite horrors of the Abyss.
 19035 | Lair:5   | Found a staircase to the Slime Pits.
 19042 | Lair:5   | Reached skill level 7 in Evocations
 19461 | D:9      | Became a worshipper of Fedhas Madash
 19855 | D:11     | Noticed Erolcha
 19862 | D:11     | Killed Erolcha
 19863 | D:11     | Reached skill level 1 in Invocations
 20161 | D:11     | Found a staircase to the Orcish Mines.
 20180 | D:11     | Reached skill level 2 in Invocations
 20223 | D:11     | Reached * piety under Fedhas
 20249 | D:11     | Reached skill level 8 in Evocations
 20335 | D:11     | Reached XP level 15. HP: 104/112 MP: 0/0
 20335 | D:11     | Learned a level 6 spell: Simulacrum
 20667 | Orc:1    | Entered Level 1 of the Orcish Mines
 20727 | Orc:1    | Found a bloodstained altar of Trog.
 20762 | Orc:1    | Reached skill level 3 in Invocations
 20839 | Orc:1    | Reached skill level 4 in Invocations
 20847 | Orc:1    | Reached skill level 5 in Invocations
 20854 | Orc:1    | Reached ** piety under Fedhas
 21178 | Orc:2    | Entered Level 2 of the Orcish Mines
 21252 | Orc:2    | Reached skill level 6 in Invocations
 21360 | Orc:2    | Noticed an orc warlord
 21362 | Orc:2    | Reached skill level 7 in Invocations
 21496 | Orc:2    | Reached *** piety under Fedhas
 21567 | Orc:2    | Reached skill level 8 in Invocations
 21615 | Orc:2    | Killed an orc warlord
 21667 | Orc:2    | Noticed Snorg
 21676 | Orc:2    | Killed Snorg
 21839 | Orc:2    | Found Omuyla's Jewellery Shoppe.
 21850 | Orc:2    | Reached skill level 9 in Invocations
 21876 | Orc:2    | Found Icze's Antique Armour Boutique.
 21911 | Orc:2    | Found Ohopar's Antique Weapon Shoppe.
 21933 | Orc:2    | Found Xurghonn's General Store.
 21941 | Orc:2    | Bought a potion of heal wounds for 60 gold pieces
 21941 | Orc:2    | Bought a scroll of fear for 48 gold pieces
 22000 | Orc:2    | Found a staircase to the Elven Halls.
 22143 | Orc:2    | Bought the ring "Zelofeaq" {rN+ Str+4 Int+6} for 945 gold
                  | pieces
 22240 | Orc:1    | Reached **** piety under Fedhas
 22572 | D:12     | Reached skill level 5 in Armour
 22751 | D:12     | Reached ***** piety under Fedhas
 22872 | D:12     | Found Gisoodoo's Magic Scroll Boutique.
 22880 | D:12     | Bought a scroll of silence for 161 gold pieces
 22880 | D:12     | Bought a scroll of teleportation for 51 gold pieces
 22881 | D:12     | Bought a scroll of identify for 34 gold pieces
 22881 | D:12     | Bought a scroll of identify for 34 gold pieces
 23091 | D:13     | Found Coic's General Store.
 23104 | D:13     | Reached skill level 10 in Invocations
 23205 | D:13     | Reached skill level 6 in Armour
 23368 | D:13     | Reached XP level 16. HP: 70/118 MP: 0/0
 24148 | D:14     | Found a gate leading to a gauntlet.
 24170 | Gauntlet | Entered a Gauntlet
 24170 | Gauntlet | Found a transporter.
 24180 | Gauntlet | Found a transporter.
 24184 | Gauntlet | Found a transporter.
 24195 | Gauntlet | Found a transporter.
 24196 | Gauntlet | Found a transporter.
 24207 | Gauntlet | Found a transporter.
 24208 | Gauntlet | Found a transporter.
 24216 | Gauntlet | Found a transporter.
 24220 | Gauntlet | Found a transporter.
 24224 | Gauntlet | Found a runed translucent door.
 24225 | Gauntlet | Found a runed translucent door.
 24228 | Gauntlet | Found a transporter.
 24258 | Gauntlet | Found a transporter.
 24270 | Gauntlet | Found a transporter.
 24283 | Gauntlet | Found a transporter.
 24296 | Gauntlet | Found a transporter.
 24451 | Gauntlet | Reached skill level 7 in Armour
 24497 | Gauntlet | Identified the ring "Caedee" {Fly Slay+3}
 24589 | Gauntlet | Identified the +1 ring mail of Fedhas's Envy {rF+ Dex+5}
 24798 | D:14     | Reached skill level 11 in Invocations
 25113 | D:14     | Identified the +3 war axe "Taurgh" {speed, *Rage Int+4
                  | Stlth+}
 25350 | D:14     | Reached skill level 8 in Armour
 25399 | D:14     | Found a gate to the Vaults.
 25668 | D:14     | Reached skill level 12 in Invocations
 25971 | D:15     | Entered Level 15 of the Dungeon
 25998 | D:15     | Reached skill level 8 in Shields
 26438 | D:15     | Found a staircase to the Depths.
 26438 | D:15     | Noticed a frost giant
 26464 | D:15     | Killed a frost giant
 26599 | D:15     | Reached skill level 9 in Shields
 26696 | D:15     | Found a portal to a secret trove of treasure.
 26711 | Trove    | Entered a treasure trove
 26775 | Trove    | Reached skill level 13 in Fighting
 26775 | Trove    | Reached XP level 17. HP: 126/126 MP: 0/0
 26775 | Trove    | Learned a level 6 spell: Starburst
 27141 | Snake:1  | Entered Level 1 of the Snake Pit
 27494 | Snake:1  | Noticed Roxanne
 27972 | Snake:1  | Reached skill level 10 in Shields
 28200 | Snake:2  | Reached XP level 18. HP: 76/132 MP: 0/0
 28491 | Snake:2  | Reached skill level 11 in Short Blades
 29119 | D:12     | Bought a scroll of enchant weapon for 127 gold pieces
 29119 | D:12     | Bought a scroll of enchant weapon for 127 gold pieces
 29281 | Snake:2  | Found Myecixobb's Antique Weapon Shoppe.
 29281 | Snake:2  | Found Ziddenuk's General Store.
 29282 | Snake:2  | Found Yqidair's Antique Armour Shoppe.
 29287 | Snake:2  | Found Xoumile's Distillery.
 29300 | Snake:2  | Bought a runed scarf for 320 gold pieces
 29313 | Snake:2  | Noticed Vashnia
 29319 | Snake:2  | Reached skill level 6 in Dodging
 29527 | Snake:2  | Identified the +3 ring mail of the Turtle {rF+ rN+}
 29628 | Snake:2  | Reached skill level 7 in Dodging
 29675 | Snake:2  | Found Wuxt's CLEARANCE SALE!.
 29712 | Snake:2  | Killed Vashnia
 29713 | Snake:2  | Reached skill level 12 in Short Blades
 29729 | Snake:2  | Bought a scroll of enchant weapon for 127 gold pieces
 29729 | Snake:2  | Bought 2 potions of heal wounds for 170 gold pieces
 29739 | Snake:2  | Bought a potion of heal wounds for 100 gold pieces
 29739 | Snake:2  | Bought a potion of heal wounds for 100 gold pieces
 30047 | Snake:3  | Reached skill level 8 in Dodging
 30233 | Snake:3  | Noticed Azrael
 30281 | Snake:3  | Reached skill level 9 in Dodging
 30492 | Snake:3  | Found Oheipiad's Gadget Gallery.
 30574 | Snake:3  | Noticed Nikola
 30586 | Snake:3  | Killed Nikola
 30654 | Snake:3  | Identified the +5 whip of Gozag's Hope {spect, Will++}
 30847 | Snake:3  | Reached skill level 13 in Short Blades
 30848 | Snake:3  | Killed Azrael
 30898 | Snake:4  | Entered Level 4 of the Snake Pit
 30959 | Snake:4  | Reached skill level 10 in Dodging
 30962 | Snake:4  | Reached XP level 19. HP: 126/138 MP: 0/0
 30962 | Snake:4  | Learned a level 7 spell: Orb of Destruction
 31957 | Snake:4  | Reached skill level 14 in Short Blades
 32601 | Snake:4  | Reached skill level 14 in Fighting
 32901 | Snake:4  | Got a serpentine rune of Zot
 33136 | Snake:4  | Reached skill level 15 in Fighting
 33313 | Snake:4  | Identified the +1 short sword "Lifebane" {flame, rC- Str+4
                  | SInv}
 33596 | Swamp:1  | Entered Level 1 of the Swamp
 33891 | Swamp:1  | Reached skill level 16 in Fighting
 34325 | Swamp:1  | Identified the +11 tower shield of the Tick {Slay+2}
 34623 | Swamp:2  | Reached XP level 20. HP: 151/151 MP: 0/0
 34726 | Swamp:2  | Reached ****** piety under Fedhas
 34753 | Swamp:2  | You are sucked into a shaft and drop 1 floor!
 34825 | Swamp:2  | Reached skill level 9 in Armour
 35289 | Swamp:3  | Reached skill level 11 in Shields
 35992 | Swamp:4  | Entered Level 4 of the Swamp
 36171 | Swamp:4  | Reached skill level 10 in Armour
 36339 | Swamp:4  | Reached skill level 12 in Shields
 36732 | Swamp:4  | Found a blossoming altar of Fedhas.
 36744 | Swamp:4  | Got a decaying rune of Zot
 36762 | Swamp:4  | Found a basalt altar of Yredelemnul.
 37397 | Snake:2  | Bought a wand of paralysis (7) for 285 gold pieces
 37618 | Vaults:1 | Entered Level 1 of the Vaults
 37742 | Vaults:1 | Reached skill level 13 in Shields
 37896 | Vaults:1 | Found the +7 great mace "Undeadhunter" {disrupt, rN+}
 37980 | Vaults:1 | Reached skill level 14 in Shields
 38062 | Vaults:1 | Found a flickering gateway to a bazaar.
 38070 | Bazaar   | Entered a bazaar
 38070 | Bazaar   | Found Beugop's Antique Weapon Shop.
 38095 | Bazaar   | Found Suledwaink's General Store.
 38115 | Bazaar   | Found Riagheoq's Antique Armour Shop.
 38143 | Bazaar   | Bought a potion of resistance for 120 gold pieces
 38183 | Bazaar   | Bought a scroll of teleportation for 36 gold pieces
 38772 | Vaults:1 | Reached XP level 21. HP: 157/157 MP: 0/0
 38772 | Vaults:1 | Learned a level 7 spell: Malign Gateway
 39243 | Vaults:2 | Reached skill level 15 in Shields
 39403 | Vaults:2 | Noticed Mennas
 39408 | Vaults:2 | Noticed Jory
 39418 | Vaults:2 | Killed Mennas
 39445 | Vaults:2 | Noticed Frederick
 39486 | Vaults:2 | Killed Frederick
 39596 | Vaults:2 | Identified the +3 leather armour "Arinev" {rN+ SInv}
 40285 | Vaults:2 | Reached skill level 17 in Fighting
 41032 | Vaults:2 | Reached skill level 18 in Fighting
 41564 | Vaults:2 | Killed Jory
 42532 | Vaults:3 | Reached skill level 19 in Fighting
 42689 | Vaults:3 | Found a gateway to a bazaar.
 42772 | Vaults:3 | Reached XP level 22. HP: 102/172 MP: 0/0
 42937 | Vaults:3 | Noticed a dread lich
 44032 | Vaults:3 | Killed a dread lich
 44542 | Vaults:3 | Reached skill level 11 in Dodging
 44840 | Vaults:3 | Found a staircase to the Crypt.
 44955 | Vaults:3 | Found Cudogot's Weapon Shop.
 45082 | Vaults:4 | Reached skill level 13 in Invocations
 45359 | Vaults:4 | Identified the +5 dagger of Fuzoe {protect, *Noise +Blink
                  | rElec Str+2}
 45465 | Vaults:4 | Identified the amulet "Xowycw" {Spirit +Inv rPois Regen+
                  | Dex+4}
 45553 | Vaults:4 | Reached skill level 12 in Dodging
 46138 | Vaults:4 | Reached skill level 14 in Invocations
 46278 | Vaults:4 | Noticed Xtahua
 46287 | Vaults:4 | Paralysed by Xtahua for 2 turns
 46299 | Vaults:4 | Killed Xtahua
 46300 | Vaults:4 | Reached skill level 13 in Dodging
 47078 | Elf:1    | Entered Level 1 of the Elven Halls
 47192 | Elf:1    | Found a runed translucent gate.
 47193 | Elf:1    | Found a runed translucent gate.
 47194 | Elf:1    | Found a runed translucent gate.
 47196 | Elf:1    | Noticed Jorgrun
 47210 | Elf:1    | Killed Jorgrun
 47239 | Elf:1    | Noticed chipmonk's ghost (adept AtBe)
 47239 | Elf:1    | Noticed Kerestru's ghost (adept GrFi)
 47239 | Elf:1    | Noticed Hoyl's ghost (journeyman DsBr)
 47380 | Elf:1    | Found a runed translucent gate.
 47380 | Elf:1    | Found a runed translucent gate.
 47380 | Elf:1    | Found a runed translucent gate.
 47380 | Elf:1    | Found a runed translucent gate.
 47380 | Elf:1    | Found a runed translucent gate.
 47385 | Elf:1    | Found a runed translucent gate.
 47394 | Elf:1    | Identified the +6 arbalest of the Equinox {heavy, Will+
                  | Str+2 Int+3}
 47587 | Elf:1    | Paralysed by an air elemental for 1 turns
 48075 | Elf:1    | Killed chipmonk's ghost
 48117 | Elf:1    | Killed Kerestru's ghost
 48139 | Elf:1    | Killed Hoyl's ghost
 48186 | Elf:2    | Reached XP level 23. HP: 178/178 MP: 0/0
 48186 | Elf:2    | Learned a level 7 spell: Dragon Form
 48234 | Elf:2    | Found a magical portal.
 48243 | WizLab   | Entered Doroklohe's Tomb
 48395 | Elf:2    | Reached skill level 14 in Dodging
 48423 | Elf:2    | Reached skill level 15 in Invocations
 48494 | Elf:2    | Noticed Agnes
 48512 | Elf:2    | Killed Agnes
 48691 | Elf:2    | Found a crumbling gateway.
 48753 | Elf:2    | Found a runed translucent gate.
 48753 | Elf:2    | Found a runed translucent gate.
 48753 | Elf:2    | Found a runed translucent gate.
 48995 | Elf:3    | Entered Level 3 of the Elven Halls
 49182 | Elf:3    | Noticed Louise
 49199 | Elf:3    | Killed Louise
 49250 | Elf:3    | Reached skill level 9 in Evocations
 49826 | Elf:3    | Identified the ring of Geleukh {Ice rCorr Str+5}
 50201 | Elf:3    | Identified the ring of Yqotymp {rElec rF- rCorr Dex-2
                  | Slay+5}
 50312 | Elf:3    | Reached skill level 10 in Evocations
 50427 | Elf:3    | Identified the ring "Boofun" {rF+ rC- Str+6 Int+6}
 50545 | Elf:3    | Identified the +2 quarterstaff of Bread {venom, rN+ Stlth+}
 50698 | Elf:3    | Noticed Bai Suzhen
 50699 | Elf:3    | Reached skill level 20 in Fighting
 50932 | Elf:3    | Killed Bai Suzhen
 51329 | Depths:1 | Entered Level 1 of the Depths
 51341 | Depths:1 | Found an iron altar of Okawaru.
 51381 | Depths:1 | Reached skill level 11 in Evocations
 51763 | Depths:1 | Found a gateway to Hell.
 51978 | Depths:1 | Identified the +0 chain mail of Baleful Joy {Harm rElec
                  | rPois}
 52773 | Depths:2 | Found Qacil's Distillery.
 52777 | Depths:2 | Bought a potion of heal wounds for 55 gold pieces
 52795 | Depths:2 | Reached skill level 12 in Evocations
 52855 | Depths:2 | Found the +8 Vampire's Tooth {vamp}
 52855 | Depths:2 | Noticed a caustic shrike
 52894 | Depths:1 | Killed a caustic shrike
 52895 | Depths:1 | Reached XP level 24. HP: 97/187 MP: 0/0
 53730 | Depths:2 | Found a glowing silver altar of Zin.
 53841 | Depths:2 | Found a one-way gate leading to the halls of Pandemonium.
 54442 | Depths:2 | Reached skill level 13 in Evocations
 54756 | Depths:2 | Found Big Baal Hell's Store.
 55119 | Depths:3 | Reached skill level 13 in Spellcasting
 55953 | Depths:3 | Noticed a caustic shrike
 55955 | Depths:3 | Noticed a caustic shrike
 55958 | Depths:3 | Noticed a caustic shrike
 56098 | Depths:3 | Found a corrupted altar of Lugonu.
 56124 | Depths:3 | Reached skill level 14 in Evocations
 56365 | Depths:3 | Noticed a juggernaut
 56398 | Depths:3 | Killed a juggernaut
 56413 | Depths:3 | Killed a caustic shrike
 56457 | Depths:3 | Killed a caustic shrike
 56466 | Depths:3 | Killed a caustic shrike
 56467 | Depths:3 | Noticed a caustic shrike
 56541 | Depths:3 | Killed a caustic shrike
 56542 | Depths:3 | Reached skill level 14 in Spellcasting
 56744 | Depths:3 | Found a one-way gateway to a ziggurat.
 56768 | Depths:3 | Reached XP level 25. HP: 180/193 MP: 0/0
 56768 | Depths:3 | Learned a level 8 spell: Discord
 56801 | Depths:3 | Noticed Grunn
 56815 | Depths:3 | Noticed Saint Roka
 57060 | Depths:3 | Killed Grunn
 57104 | Depths:3 | Noticed Parghit
 57110 | Depths:3 | Parghit changed into Parghit the shard shrike
 57110 | Depths:3 | Noticed Parghit
 57125 | Depths:3 | Killed Parghit the shard shrike
 57275 | Depths:3 | Killed Saint Roka
 57666 | Bazaar   | Entered a bazaar
 57666 | Bazaar   | Found Bymaos's Antique Weapon Shoppe.
 57666 | Bazaar   | Found Siofadgh's Antique Weapon Shoppe.
 57666 | Bazaar   | Found Kyoq's Antique Weapon Emporium.
 57668 | Bazaar   | Found Heaty's Jewellery Emporium.
 57696 | Vaults:3 | Acquired a manual of Armour
 57932 | Depths:4 | Entered Level 4 of the Depths
 57936 | Depths:4 | Noticed Boris
 57993 | Depths:3 | Killed Boris
 58039 | Depths:4 | Reached skill level 15 in Spellcasting
 58122 | Depths:4 | Noticed Sojobo
 58130 | Depths:4 | Reached skill level 11 in Armour
 58135 | Depths:3 | Killed Sojobo
 58298 | Depths:4 | Found Giwakhad's Magic Scroll Shop.
 58315 | Depths:4 | Bought a scroll of enchant armour for 180 gold pieces
 58315 | Depths:4 | Bought a scroll of fog for 96 gold pieces
 58315 | Depths:4 | Bought a scroll of teleportation for 72 gold pieces
 58315 | Depths:4 | Bought a scroll of teleportation for 72 gold pieces
 58319 | Depths:4 | Identified the +6 spear of Painted Defence {heavy, Str+4
                  | Int-4 Dex+2}
 58327 | Depths:4 | Found Aziczieh's Armour Boutique.
 58355 | Depths:4 | Reached skill level 12 in Armour
 58378 | Depths:4 | Identified the ring of Nudiavus {Ice rElec rPois rN++
                  | Str-3}
 58378 | Depths:4 | Noticed Josephina
 58878 | Depths:4 | Reached skill level 13 in Armour
 58915 | Depths:4 | Found Vosielyori's Antique Weapon Emporium.
 59519 | Depths:4 | Killed Josephina
 59520 | Depths:4 | Reached skill level 14 in Armour
 59872 | Depths:4 | Reached skill level 15 in Armour
 59880 | Depths:4 | Found a gate to the Realm of Zot.
 60306 | Depths:4 | Found Giwakhad's Magic Scroll Shop.
 60338 | Depths:4 | Found Aziczieh's Armour Boutique.
 60376 | Depths:4 | Found a gate to the Realm of Zot.
 60514 | Depths:4 | Found Vosielyori's Antique Weapon Emporium.
 60827 | Vaults:5 | Entered Level 5 of the Vaults
 61064 | Vaults:5 | Reached skill level 16 in Armour
 61936 | Vaults:5 | Reached skill level 17 in Armour
 62782 | Vaults:5 | Reached XP level 26. HP: 191/200 MP: 0/0
 64549 | Vaults:5 | Reached skill level 18 in Armour
 65116 | Vaults:5 | Noticed a dread lich
 65126 | Vaults:5 | Killed a dread lich
 65505 | Vaults:5 | Reached skill level 15 in Dodging
 66276 | Vaults:5 | Identified the ring "Hizxaip" {rPois rN+}
 66301 | Vaults:5 | Reached skill level 16 in Dodging
 66605 | Vaults:5 | Got a silver rune of Zot
 66788 | Vaults:5 | Noticed a juggernaut
 66800 | Vaults:5 | a juggernaut changed into a rockslime
 66875 | Vaults:5 | Found Fivvyl's Magic Scroll Boutique.
 67237 | Vaults:5 | Bought a scroll of fear for 68 gold pieces
 67237 | Vaults:5 | Bought a scroll of enchant armour for 127 gold pieces
 67237 | Vaults:5 | Bought a scroll of teleportation for 51 gold pieces
 67237 | Vaults:5 | Bought a scroll of fear for 68 gold pieces
 67237 | Vaults:5 | Bought a scroll of teleportation for 51 gold pieces
 67237 | Vaults:5 | Bought a scroll of enchant armour for 127 gold pieces
 67237 | Vaults:5 | Bought a scroll of immolation for 68 gold pieces
 67513 | Zot:1    | Entered Level 1 of the Realm of Zot
 67780 | D:6      | Bought a wand of digging (11) for 693 gold pieces
 67780 | D:6      | Bought a wand of quicksilver (18) for 1134 gold pieces
 68600 | Zot:2    | Reached skill level 16 in Shields
 68722 | Zot:1    | Gained mutation: Armour fits poorly on your strangely
                  | shaped body. [mutagenic glow]
 68740 | Zot:1    | Gained mutation: You occasionally shout uncontrollably at
                  | your foes. [mutagenic glow]
 68944 | Zot:1    | Lost mutation: You occasionally shout uncontrollably at
                  | your foes. [potion of mutation]
 68944 | Zot:1    | Lost mutation: Armour fits poorly on your strangely shaped
                  | body. [potion of mutation]
 68944 | Zot:1    | Gained mutation: Your spells are a little harder to cast,
                  | but a little more powerful. [potion of mutation]
 68944 | Zot:1    | Gained mutation: You are weak. (Str -2) [potion of
                  | mutation]
 69949 | Zot:3    | Noticed a curse toe
 69976 | Zot:3    | Killed a curse toe
 70048 | Zot:4    | Reached skill level 17 in Shields
 70161 | Zot:5    | Entered Level 5 of the Realm of Zot
 70380 | Zot:5    | Reached XP level 27. HP: 91/205 MP: 0/0
 70380 | Zot:5    | Learned a level 9 spell: Polar Vortex
 70875 | Zot:5    | Reached skill level 19 in Armour
 71720 | Zot:5    | Noticed a Killer Klown
 71734 | Zot:5    | Killed a Killer Klown
 71873 | Zot:5    | Noticed an ancient lich
 71982 | Zot:5    | Noticed a Killer Klown
 71996 | Zot:5    | Killed a Killer Klown
 72484 | Zot:5    | Noticed a Killer Klown
 72506 | Zot:5    | Killed a Killer Klown
 72564 | Zot:5    | Noticed a Killer Klown
 72583 | Zot:5    | Killed a Killer Klown
 72589 | Zot:5    | Noticed a Killer Klown
 72604 | Zot:5    | Killed a Killer Klown
 72621 | Zot:5    | Reached skill level 20 in Armour
 72721 | Zot:5    | Noticed an ancient lich
 72727 | Zot:5    | Killed an ancient lich
 72729 | Zot:5    | Noticed an orb of fire
 72734 | Zot:5    | Gained mutation: You are frail. (-10% HP) [an orb of fire]
 72736 | Zot:5    | Killed an orb of fire
 72844 | Zot:5    | Reached skill level 18 in Shields
 73226 | Zot:5    | Killed an ancient lich
 73490 | Zot:5    | Noticed an orb of fire
 73494 | Zot:5    | Gained mutation: You occasionally shout uncontrollably at
                  | your foes. [an orb of fire]
 73495 | Zot:5    | Gained mutation: You are occasionally teleported next to
                  | monsters. [an orb of fire]
 73499 | Zot:5    | Killed an orb of fire
 73504 | Zot:5    | Lost mutation: You are weak. (Str -2) [potion of mutation]
 73504 | Zot:5    | Lost mutation: You are frail. (-10% HP) [potion of
                  | mutation]
 73504 | Zot:5    | Gained mutation: Your flesh is almost immune to the effects
                  | of heat. (rF+++) [potion of mutation]
 73504 | Zot:5    | Gained mutation: Your body sometimes deteriorates upon
                  | taking damage. [potion of mutation]
 73505 | Zot:5    | Lost mutation: You occasionally shout uncontrollably at
                  | your foes. [potion of mutation]
 73505 | Zot:5    | Lost mutation: You are occasionally teleported next to
                  | monsters. [potion of mutation]
 73505 | Zot:5    | Lost mutation: Your flesh is almost immune to the effects
                  | of heat. (rF+++) [potion of mutation]
 73505 | Zot:5    | Gained mutation: Your flesh is almost immune to the effects
                  | of heat. (rF+++) [potion of mutation]
 73532 | Zot:5    | Noticed an orb of fire
 73539 | Zot:5    | Killed an orb of fire
 73566 | Zot:5    | Noticed a Killer Klown
 73571 | Zot:5    | Killed a Killer Klown
 73611 | Zot:5    | Got the Orb of Zot
 73738 | Depths:4 | Reached skill level 19 in Shields
 74119 | D:$      | Escaped with the Orb!

Illustrated notes

Levels and vault maps discovered:
D:1:      amcnicky_arrival_choice, layout_basic,
          wander_ebering_terrifying_dragon_lair
D:2:      layout_basic, dreamdust_ecumenical_altar_drowned_temple,
          minmay_tromino_v2
D:3:      layout_loops_corners, mainiacjoe_overflow_alcove_2,
          amcnicky_altar_gilded, uniq_jessica
D:4:      layout_rooms, kennysheep_mini, uniq_duvessa
D:5:      layout_loops_ring, lemuel_doored_altar, kiku_gazebo_garden_becter,
          serial_shops, nicolae_lakefront_shop
D:6:      layout_basic, mainiacjoe_overflow_surrounded_room,
          ebering_ghost_sewer_d, nicolae_shop_overcharged_wands,
          uniq_prince_ribbit1
D:7:      layout_basic, marbit_many_paths, trog_three_pillars_becter,
          minmay_temple_entry_grid
D:8:      layout_basic, mainiacjoe_overflow_catwalk_spiral,
          ebering_ghost_rock_garden, enter_bailey_5, serial_shops, shop,
          nicolae_shop_crystal
D:9:      layout_basic, grunt_temple_overflow_forces_of_nature
D:10:     layout_basic, minmay_lair_entry_lava, minmay_bent
D:11:     layout_roguey, zombieorc1_lemuel, uniq_erolcha
D:12:     layout_big_octagon, serial_shops, nicolae_lakefront_shop
D:13:     layout_basic, serial_shops, kennysheep_mini_moat, nicolae_two_hexagons
D:14:     layout_roguey, skrybe_vaults_entry_preservation,
          gauntlet_entry_generic, minmay_staircase_statues, nrook_mini_vaults,
          nzn_life_drinkers
D:15:     grunt_enter_depths_snipers, layout_rooms, minmay_misc_feat_nine_boxes,
          trove_entry_hex_spiral, hangedman_decor_slide_cut
Temple:   hellmonk_temple_micro_hex
Lair:1:   layout_cave_shapes, dpeg_stationary_puzzle, grunt_megastairs_1,
          infiniplex_staircase_pool_2
Lair:2:   layout_regular_city, skrybe_swamp_entry_bodies, beast_lair_carwin_3
Lair:3:   layout_roguey, dummy_snake_entry
Lair:4:   layout_regular_city, minivault_24
Lair:5:   hellmonk_lair_end_abyssal_woods, layout_regular_city,
          minmay_slime_entry_oklob_enclosed, nicolae_quartered_pool_impasse,
          chequers_serial_rivers_micro_a
Swamp:1:  layout_falls_marsh, nicolae_swamp_small_spring, swamp_pool5,
          infiniplex_staircase_pool
Swamp:2:  layout_basic_swamp, evilmike_swamp_ruin_wall
Swamp:3:  layout_basic_swamp, evilmike_swamp_ruin_rubble_2
Swamp:4:  byrel_swamp_growth_death_and_undeath, layout_basic_swamp, swamp_pool1,
          cheibrodos_swamp_minitomb
Snake:1:  layout_rooms, uniq_roxanne
Snake:2:  layout_onion_interference, nicolae_shop_clearance, minmay_shoptagon,
          uniq_vashnia
Snake:3:  layout_cave_shapes, nicolae_shop_gadgets, uniq_azrael, uniq_nikola
Snake:4:  grunt_snake_rune_spirals, layout_onion
Orc:1:    layout_diamond_mine, basic_altar
Orc:2:    grunt_orc_gardens, layout_caves, grunt_orc_garden, grunt_orc_garden,
          grunt_orc_garden, grunt_orc_garden, kennysheep_orc_chapel, uniq_snorg
Elf:1:    layout_gridlike, gammafunk_ghost_cemetery, orc_legates,
          grunt_ministairs_12, uniq_jorgrun
Elf:2:    elven_hall_of_blades_hangedman_original [nicolae_blade_tridents],
          layout_geoelf_grid, mu_enter_wizlab_3, portal_desolation_entry_ruin,
          guppyfry_elf_garden, uniq_agnes
Elf:3:    grunt_elf_hall_asides, layout_geoelf_diagonals, minivault_23,
          uniq_bai_suzhen, uniq_louise
Vaults:1: v_misc_31, nicolae_vaults_angled_halls, vaults_dpeg_ring,
          v_alt_pattern_2, ontoclasm_vaults_twist, layout_vaults_omnigrid,
          serial_shops, bzr_entry_lakeside
Vaults:2: vaults_room_hangedman_quadrants, ontoclasm_vaults_eye, v_misc_10,
          vaults_standard_mumra_lines, nicolae_vaults_network_square,
          hangedman_vaults_stagger, nicolae_vaults_rhombus_6, v_alt_pattern_2,
          nicolae_vaults_asterisk, grunt_vaults_diagonal,
          grunt_vaults_hallway_long, v_misc_15, vaults_dpeg_encased_lava,
          layout_vaults_ring, uniq_jory, uniq_mennas, uniq_frederick
Vaults:3: vaults_dpeg_diagonal, hangedman_vaults_hard_town_square,
          nicolae_vaults_theta, minmay_crypt_entry_simple_box,
          hangedman_vaults_variations, grunt_vaults_twisty,
          ontoclasm_vaults_ligature, hangedman_vaults_stitches, v_misc_8,
          ontoclasm_vaults_loading_screen, nicolae_vaults_asterisk,
          nicolae_vaults_specimen_jars, v_alt_pattern_3,
          hangedman_vaults_capsules, layout_vaults_maze_snakey, serial_shops,
          statue_bzr, shop_fountains
Vaults:4: vaults_room_corners, hangedman_vaults_trim, ontoclasm_vaults_shout,
          hangedman_vaults_cutoff, vaults_room_semicircle,
          vaults_standard_mumra_x, serial_ice_g, vaults_room_pool,
          vaults_dpeg_hooks, layout_vaults_chaotic_city, uniq_xtahua
Vaults:5
Depths:1: layout_gridville, okawaru_trees_2, abyss_entry, lightli_too_deep,
          minmay_liquid_box, nrook_campfire, chequers_serial_rivers_small_b,
          minivault_16, minmay_microvault, nicolae_triple_integral,
          serial_bayou_shore_b
Depths:2: hangedman_arch_fort, layout_cave_shapes, zin_angel,
          abyss_entry_small_statue_room, nicolae_hell_entry_big_baal_hell,
          serial_shops, nicolae_shop_hallway_stairs, pan_entry
Depths:3: cheibrodos_spurs, layout_gridlike, enter_ziggurat_f,
          nicolae_twisting_strands, abyss_entry_flame_altar, hell_entry,
          nicolae_figureground_pulse, uniq_parghit, uniq_grunn, uniq_saint_roka
Depths:4: grunt_zot_entry_funnels, layout_cave_pools,
          ebering_dispersal_statue_hall, serial_shops, nicolae_shop_statue_plus,
          shop, shop, pf_dread_powers_of_hell, uniq_josephina, uniq_boris,
          uniq_sojobo
Zot:1:    layout_basic
Zot:2:    layout_onion, st_single_dragon_hoard_3
Zot:3:    layout_concentric_octagons
Zot:4:    layout_onion, zot_minivault_5
Zot:5:    layout_gridlike

Skill      XL: |  1  2  3  4  5  6  7  8  9 10 11 12 13 14 15 16 17 18 19 20 21 22 23 24 25 26 27 |
---------------+----------------------------------------------------------------------------------+-----
Fighting       | 3 4 5 6 7 10 12 13 16 19 20 | 20.0
Short Blades   | 2 3 4 5 7 9 10 13 14 | 14.0
Spellcasting   | 1 2 4 5 7 8 10 11 12 14 15 | 15.0
Dodging        | 2 5 10 13 14 16 | 16.0
Evocations     | 1 4 8 12 14 | 14.0
Shields        | 1 3 5 7 9 10 14 15 17 19 | 19.0
Armour         | 1 4 6 8 10 17 18 20 | 20.1
Invocations    | 2 10 12 14 15 | 15.0
Throwing       | |  1.5
Stealth        | |  3.2

Action                   |  1- 3 |  4- 6 |  7- 9 | 10-12 | 13-15 | 16-18 | 19-21 | 22-24 | 25-27 || total
-------------------------+-------+-------+-------+-------+-------+-------+-------+-------+-------++-------
Melee: Dagger            |    77 |    54 |   159 |   127 |   556 |   212 |       |       |       ||  1185
       Punch             |     1 |       |     1 |       |       |       |       |       |       ||     2
       Rapier            |       |       |       |       |       |   362 |  1141 |  1325 |  1490 ||  4318
       Quick blade       |       |       |       |       |       |       |       |   158 |   117 ||   275
Throw: Dart              |       |     8 |     5 |     2 |     1 |     4 |       |       |     4 ||    24
       Throwing net      |       |       |       |       |       |       |     1 |     1 |       ||     2
 Cast: Call Imp          |       |       |    14 |       |       |       |       |       |       ||    14
       Frozen Ramparts   |       |       |     9 |    29 |    37 |    30 |    24 |    14 |     8 ||   151
       Olgreb's Toxic Ra |       |       |       |    84 |   179 |    59 |    31 |   205 |   187 ||   745
       Arcjolt           |       |       |       |    13 |     9 |    27 |    17 |       |     1 ||    67
       Freezing Cloud    |       |       |       |       |    59 |    73 |   107 |    60 |    27 ||   326
       Simulacrum        |       |       |       |       |     7 |       |       |       |       ||     7
       Apportation       |       |       |       |       |       |       |       |     1 |     2 ||     3
Invok: Grow Ballistomyce |       |       |       |       |     1 |       |     1 |     1 |     2 ||     5
       Wall of Briars    |       |       |       |       |       |     1 |     6 |       |     7 ||    14
       Grow Oklob        |       |       |       |       |       |       |     1 |       |     8 ||     9
       Overgrow          |       |       |       |       |       |       |       |       |     1 ||     1
Evoke: Wand              |       |       |       |       |     7 |     2 |    12 |     8 |    19 ||    48
       Phial of floods   |       |       |       |       |       |     1 |     1 |       |     2 ||     4
       Condenser vane    |       |       |       |       |       |       |     1 |     1 |     1 ||     3
       Tin of tremorston |       |       |       |       |       |       |       |     2 |     4 ||     6
       Box of beasts     |       |       |       |       |       |       |       |       |     5 ||     5
       Phantom mirror    |       |       |       |       |       |       |       |       |     4 ||     4
  Use: Scroll            |       |     3 |     6 |     9 |    12 |    17 |     7 |    12 |    20 ||    86
       Potion            |       |       |     1 |     1 |       |     4 |       |     3 |    21 ||    30
 Stab: Sleeping          |     4 |     6 |     2 |     8 |    10 |       |       |       |       ||    30
       Distracted        |       |       |       |       |     1 |       |       |       |     7 ||     8
       Paralysed         |       |       |       |       |       |       |     3 |       |     2 ||     5
       Confused          |       |       |       |       |       |       |     2 |     1 |     1 ||     4
       Held in net/web   |       |       |       |       |       |       |     1 |     1 |       ||     2
Armor: Robe              |    19 |       |       |       |       |       |       |       |       ||    19
       Ring mail         |     7 |    10 |     1 |       |       |       |       |       |       ||    18
       Leather armour    |       |       |    46 |    38 |    66 |       |       |       |       ||   150
       Ice dragon scales |       |       |       |       |    51 |   254 |   370 |   269 |   316 ||  1260
       Troll leather arm |       |       |       |       |     2 |       |       |       |       ||     2
Dodge: Dodged            |    47 |    22 |    75 |    59 |   245 |   213 |   288 |   376 |   383 ||  1708
Block: Buckler           |       |       |       |    14 |    40 |       |       |       |       ||    54
       Kite shield       |       |       |       |       |   207 |   383 |   159 |       |       ||   749
       Tower shield      |       |       |       |       |       |       |  1242 |  1839 |  1808 ||  4889

Table legend: (Time is in decaauts)
 A = Elapsed time spent in this place.
 B = Non-inter-level travel time spent in this place.
 C = Inter-level travel time spent in this place.
 D = Time resting spent in this place.
 E = Time spent auto-exploring this place.
 F = Levels seen in this place.
 G = Mean time per level.
                   A        B        C        D        E       F      G
               +--------+--------+--------+--------+--------+-----+--------+
         Total |  73302 |  67503 |   5799 |  20569 |  31894 |  54 | 1357.4 |
       Dungeon |  16745 |  14535 |   2210 |   2110 |   9756 |  15 | 1116.3 |
        Temple |      1 |      1 |      0 |      0 |      0 |   1 |    1.0 |
          Lair |   9373 |   8424 |    949 |   2152 |   5230 |   5 | 1874.6 |
         Swamp |   3506 |   3352 |    154 |    281 |   2070 |   4 |  876.5 |
     Snake Pit |   5810 |   5312 |    498 |   1129 |   2607 |   4 | 1452.5 |
  Orcish Mines |   1865 |   1515 |    350 |    178 |    883 |   2 |  932.5 |
   Elven Halls |   4004 |   3822 |    182 |    944 |   1870 |   3 | 1334.7 |
        Vaults |  15919 |  15028 |    891 |   6336 |   5353 |   5 | 3183.8 |
        Depths |   8968 |   8504 |    464 |   2848 |   3631 |   4 | 2242.0 |
           Zot |   5643 |   5545 |     98 |   4184 |    127 |   5 | 1128.6 |
        Bazaar |    156 |    156 |      0 |      0 |     60 |   2 |   78.0 |
         Trove |     83 |     83 |      0 |      0 |      0 |   1 |   83.0 |
        Bailey |    763 |    763 |      0 |    291 |    173 |   1 |  763.0 |
        Wizlab |      7 |      7 |      0 |      0 |      0 |   1 |    7.0 |
      Gauntlet |    454 |    454 |      0 |    112 |    134 |   1 |  454.0 |
               +--------+--------+--------+--------+--------+-----+--------+

Top non-repeatable levels by time:
Vaults:5: 6310 daAuts
  Lair:5: 3561 daAuts
   Zot:5: 3458 daAuts
Vaults:2: 3376 daAuts
Depths:3: 2849 daAuts
Vaults:3: 2803 daAuts
 Snake:4: 2594 daAuts
Depths:4: 2338 daAuts
  Lair:4: 2102 daAuts
Depths:2: 2077 daAuts
    D:10: 2042 daAuts
Vaults:4: 1798 daAuts
   Elf:3: 1778 daAuts
Depths:1: 1702 daAuts
Vaults:1: 1630 daAuts
